 Dungeon Crawl Stone Soup version 0.30-a0-292-g0f741e3f8e (webtiles) character file.

Game seed: 2030797482825538296

13178 Lanoc the Protected (level 11, -1/154 HPs)
             Began as an Armataur Berserker on Oct 17, 2022.
             Was a High Priest of Trog.
             Slain by a centaur warrior (12 damage)
             ... on level 13 of the Dungeon.
             The game lasted 00:24:14 (9708 turns).

Lanoc the Protected (Armataur Berserker)            Turns: 9708, Time: 00:24:15

Health: -1/154     AC:  8    Str: 23    XL:     11   Next: 72%
Magic:  11/11      EV: 12    Int:  8    God:    Trog [*****.]
Gold:   463        SH:  0    Dex: 13    Spells: 10/10 levels left

rFire   . . .      SeeInvis .    H - +6 long sword (freeze)
rCold   . . .      Faith    .    (no shield)
rNeg    + . .      Spirit   .    D - +1 leather armour of the Boiling Point {Will+ rCorr}
rPois   +          Reflect  .    (no helmet)
rElec   .          Harm     .    s - +0 cloak
rCorr   +          Roll     +    (no gloves)
Will    +....                    (no barding)
Stlth   ..........               e - amulet of regeneration
HPRegen 1.25/turn                u - ring of positive energy
MPRegen 0.12/turn                F - ring of poison resistance

@: berserking, very quick
A: large, rugged brown scales 3, deformed body, armoured tail, roll, long
tongue, awkward tongue
a: Renounce Religion, Berserk, Trog's Hand, Brothers in Arms


You were on level 13 of the Dungeon.
You worshipped Trog.
Trog was extremely pleased with you.
You visited 2 branches of the dungeon, and saw 14 of its levels.
You also visited: Ossuary and Bailey.

You collected 560 gold pieces.
You spent 97 gold pieces at shops.

Inventory:

Hand Weapons
 a - a +0 mace
 H - a +6 long sword of freezing (weapon)
Missiles
 l - 6 datura-tipped darts (quivered)
Armour
 s - a +0 cloak (worn)
 D - the +1 leather armour of the Boiling Point (worn) {Will+ rCorr}
   (You found it on level 5 of the Dungeon)

   rCorr:     It protects you from acid and corrosion.
   Will:      It increases your willpower.
Jewellery
 e - an amulet of regeneration (around neck)
 u - a ring of positive energy (left hand)
 F - a ring of poison resistance (right hand)
Wands
 b - a wand of roots (5)
 t - a wand of flame (45)
 v - a wand of mindburst (16)
 A - a wand of polymorph (3)
 G - a wand of quicksilver (4)
Scrolls
 c - 4 scrolls of enchant armour
 h - 4 scrolls of teleportation
 j - 3 scrolls of identify
 m - a scroll of butterflies
 p - 3 scrolls of blinking
 y - a scroll of torment
 z - 2 scrolls of vulnerability {unknown}
Potions
 d - 2 potions of brilliance
 f - 2 potions of berserk rage {unknown}
 g - 3 potions of heal wounds
 i - 2 potions of attraction
 k - 2 potions of lignification
 n - 2 potions of mutation {unknown}
 o - 2 potions of magic
 q - 3 potions of resistance
 r - 6 potions of curing {unknown}
 w - 2 potions of haste
 x - 4 potions of flight
 B - 3 potions of might
 E - a potion of invisibility


   Skills:
 + Level 9.5 Fighting
 - Level 7.0 Maces & Flails
 + Level 11.9 Armour
 + Level 7.7 Dodging
 + Level 4.8 Evocations


You had 10 spell levels left.
You didn't know any spells.
Your spell library was empty.

Dungeon Overview and Level Annotations

Branches:
Dungeon (13/15)            Temple (1/1) D:4            Lair (0/5) D:10
    Orc (0/2) D:12        Ossuary (visited)          Bailey (visited)
 Vaults: D:13-14

Altars:
Ashenzari
Cheibriados
Dithmenos
Gozag
Hepliaklqana
Nemelex Xobeh
Okawaru
Ru
Wu Jian
Zin

Shops:
D:2 :   D:3 ?   D:10 :((*


Innate Abilities, Weirdness & Mutations

You are completely covered in rugged brown scales. (AC +3, +7% HP)
Armour fits poorly on your strangely shaped body.
You have a long armoured tail.
You roll when moving toward enemies. (Rampage)
Your long tongue fully drains potion bottles. (2x potion effects)
Your tongue gives you trouble enunciating. (1.5x scroll delay)


Message History

The centaur shoots an arrow.
The arrow hits you!
You are too injured to fight recklessly!
You are too injured to fight recklessly!
You are too injured to fight recklessly! 2 centaurs come into view.
The centaur warrior shouts!
The centaur shouts!
The centaur unwields a +2 vorpal shortbow.
The centaur hits you but does no damage.
The centaur misses you.
A red film seems to cover your vision as you go berserk!
You feel yourself moving faster!
You feel mighty!
The centaur warrior wields a +0 longbow.
The centaur warrior shoots an arrow.
The arrow hits you!!
* * * LOW HITPOINT WARNING * * *
The centaur wields a +0 shortbow.
The centaur shoots an arrow.
The arrow barely misses you.
The centaur hits you but does no damage.
The centaur kicks you but does no damage.
You roll towards the centaur!
You slash the centaur! You freeze the centaur. You tail-slap the centaur!
You kill the centaur!
Trog accepts your kill.
The centaur warrior unwields a +0 longbow.
The centaur warrior hits you!
* * * LOW HITPOINT WARNING * * *
The centaur warrior kicks you.
* * * LOW HITPOINT WARNING * * *
The centaur closely misses you. The centaur misses you. x2
The centaur kicks you but does no damage.
You slash the centaur warrior! You freeze the centaur warrior.
The centaur warrior is moderately wounded.
The centaur warrior hits you!
* * * LOW HITPOINT WARNING * * *
The centaur warrior misses you. The centaur hits you.
* * * LOW HITPOINT WARNING * * *
The centaur kicks you but does no damage.
The centaur barely misses you.
The centaur kicks you but does no damage.
The centaur warrior hits you!
You die...

######### ### ........#
#.# ...h.[..# #.# ...
....<...# #.# ....
........# #.# ....
........# #.# .....
...ou...######.#######...
................c........
#+#...##########@....####
#...# #cc...# #...+
#...### #...# #...# #...#
#)..# #....+ ##..##
#...... #....# #...#
#...... .....#
########...# #......
......# #..........#
#......


You could see a centaur warrior and 2 centaurs.

Vanquished Creatures
  2 two-headed ogres (D:10)
  An ugly thing (D:12)
  A gargoyle (D:11)
  Psyche (D:10)
  A kobold demonologist (D:11)
  3 trolls
  A hornet (D:9)
  A slime creature (D:12)
  A wraith (D:11)
  A wyvern (D:10)
  6 yaks (D:8)
  Eustachio (D:4)
  A steam dragon (D:8)
  3 vampire mosquitoes (D:12)
  Edmund (D:5)
  3 wargs (D:10)
  6 acid dragons
  Duvessa (D:4)
  A water moccasin (D:6)
  2 ice beasts
  A black bear (D:6)
  10 orc warriors
  A sky beast (D:7)
  2 ogres
  6 centaurs
  2 bullfrogs
  11 kobold brigands
  10 scorpions
  8 wights (D:7)
  Dowan (D:4)
  3 jellies
  11 killer bees (D:8)
  3 howler monkeys
  3 centaur zombies (Ossuary)
  3 hounds
  3 human zombies (Ossuary)
  9 orc priests
  2 gnoll boudas
  3 iguanas (D:6)
  Terence (D:3)
  Natasha (thrice) (D:3)
  16 orc wizards
  Ijyb (D:5)
  3 scorpion zombies (Ossuary)
  4 mummies
  21 gnolls
  5 adders
  A shadow imp (D:7)
  2 white imps
  2 worms
  2 dart slugs
  60 orcs
  8 ball pythons
  5 bats
  6 endoplasms
  A giant cockroach (D:1)
  5 goblins
  5 hobgoblins
  5 jackals
  5 quokkas
  2 frilled lizards
  2 gnoll zombies (Ossuary)
  5 goblin zombies
  2 hobgoblin zombies (Ossuary)
  25 kobolds
  4 kobold zombies
  An orc zombie (Ossuary)
  6 rats
338 creatures vanquished.

Vanquished Creatures (collateral kills)
  A deep elf pyromancer (D:13)
1 creature vanquished.

Grand Total: 339 creatures vanquished

Notes
Turn   | Place    | Note
-------+----------+-------------------------------------------
     0 | D:1      | Lanoc the Armataur Berserker began the quest for the Orb.
     0 | D:1      | Reached XP level 1. HP: 19/19 MP: 1/1
   247 | D:1      | Reached XP level 2. HP: 25/26 MP: 2/2
   564 | D:1      | Reached skill level 3 in Armour
   567 | D:1      | Reached XP level 3. HP: 32/33 MP: 3/3
   856 | D:2      | Reached ** piety under Trog
   875 | D:2      | Found Ixen's Book Shop.
  1256 | D:2      | Reached XP level 4. HP: 40/40 MP: 4/4
  1594 | D:3      | Noticed Natasha
  1606 | D:3      | Killed Natasha
  1621 | D:3      | Noticed Terence
  1621 | D:3      | Noticed Natasha
  1651 | D:3      | Found Ynliun's Magic Scroll Boutique.
  1657 | D:3      | Bought a scroll of blinking for 97 gold pieces
  1684 | D:3      | Killed Natasha
  1685 | D:3      | Reached XP level 5. HP: 38/48 MP: 5/5
  1736 | D:3      | Noticed Natasha
  1740 | D:3      | Killed Terence
  1746 | D:3      | Killed Natasha
  1902 | D:4      | Found a staircase to the Ecumenical Temple.
  1920 | D:4      | Noticed an ogre
  1926 | D:4      | Killed an ogre
  1927 | D:4      | Reached skill level 4 in Armour
  1927 | D:4      | Reached XP level 6. HP: 55/55 MP: 6/6
  2096 | D:4      | Noticed Eustachio
  2110 | D:4      | Killed Eustachio
  2111 | D:4      | Reached XP level 7. HP: 53/63 MP: 7/7
  2150 | D:4      | Reached skill level 5 in Maces & Flails
  2282 | D:4      | Noticed Duvessa
  2289 | D:4      | Noticed Dowan
  2395 | D:4      | Reached skill level 5 in Armour
  2403 | Temple   | Entered the Ecumenical Temple
  2468 | D:4      | Killed Duvessa
  2473 | D:4      | Killed Dowan
  2845 | D:5      | Entered Level 5 of the Dungeon
  2907 | D:5      | Found a sand-covered staircase.
  2912 | D:5      | Reached *** piety under Trog
  2937 | Ossuary  | Entered an ossuary
  2989 | Ossuary  | Reached XP level 8. HP: 71/71 MP: 8/8
  3157 | Ossuary  | Reached skill level 5 in Fighting
  3157 | Ossuary  | Reached skill level 6 in Armour
  3367 | D:5      | Identified the +1 leather armour of the Boiling Point
                  | {Will+ rCorr}
  3417 | D:5      | Noticed Ijyb
  3422 | D:5      | Killed Ijyb
  3560 | D:5      | Reached XP level 9. HP: 20/79 MP: 9/9
  3564 | D:5      | Reached skill level 7 in Armour
  3752 | D:5      | Noticed Edmund
  3760 | D:5      | Killed Edmund
  3771 | D:5      | Found a large runed translucent door.
  3772 | D:5      | Found a large runed translucent door.
  3940 | D:5      | Found a shadowy altar of Dithmenos.
  3949 | D:5      | Found an ornate altar of the Wu Jian Council.
  3953 | D:5      | Reached **** piety under Trog
  4343 | D:6      | Reached skill level 5 in Dodging
  4406 | D:6      | Reached skill level 8 in Armour
  4458 | D:6      | You fall into a shaft and drop 1 floor!
  5484 | D:8      | Reached skill level 9 in Armour
  5484 | D:8      | Reached XP level 10. HP: 35/90 MP: 10/10
  5488 | D:8      | HP: 6/135 [yak (5)]
  5492 | D:8      | HP: 2/138 [yak (9)]
  5533 | D:8      | Found a flagged portal.
  5554 | Bailey   | Entered a bailey
  5581 | Bailey   | Reached ***** piety under Trog
  5760 | Bailey   | Found a burning altar of Makhleb.
  5853 | D:8      | Reached skill level 10 in Armour
  6079 | D:8      | Found a glowing silver altar of Zin.
  6079 | D:8      | Noticed an angel
  6182 | D:8      | Reached skill level 1 in Evocations
  6410 | D:8      | Found an iron altar of Okawaru.
  6410 | D:8      | Found an opulent altar of Gozag.
  7418 | D:10     | Entered Level 10 of the Dungeon
  7436 | D:10     | Reached XP level 11. HP: 95/101 MP: 11/11
  7568 | D:10     | Found a staircase to the Lair.
  7608 | D:10     | Received a gift from Trog
  7631 | D:10     | Found Bevoal's General Store.
  7680 | D:10     | Found Ukogumi's Book Emporium.
  7706 | D:10     | Noticed a two-headed ogre
  7715 | D:10     | Killed a two-headed ogre
  7716 | D:10     | Reached skill level 11 in Armour
  7788 | D:10     | Noticed Psyche
  7797 | D:10     | Killed Psyche
  7884 | D:10     | Found Ticlowa's Antique Weapon Boutique.
  7893 | D:10     | Noticed a two-headed ogre
  7901 | D:10     | Killed a two-headed ogre
  8108 | D:10     | Found Pufi's Weapon Boutique.
  9277 | D:12     | Noticed a cyan ugly thing
  9285 | D:12     | Killed a cyan ugly thing
  9481 | D:12     | Found a staircase to the Orcish Mines.
  9547 | D:12     | Noticed a purple ugly thing
  9587 | D:13     | Noticed a two-headed ogre
  9591 | D:13     | Noticed a deep elf pyromancer
  9609 | D:13     | Killed a deep elf pyromancer
  9660 | D:13     | Noticed a centaur warrior
  9708 | D:13     | Slain by a centaur warrior

Illustrated notes

Levels and vault maps discovered:
D:1:      sevenhm_arrival_forest_fort_small_5, layout_basic, minmay_pentomino_z4
D:2:      layout_loops_ring, serial_shops, shop
D:3:      layout_rooms, serial_shops, shop_statue, uniq_natasha, uniq_terence
D:4:      layout_gridville, temple_doors_e, hangedman_decor_clover_reticule,
          uniq_duvessa, uniq_eustachio
D:5:      layout_cave_pools, jmf_multi_god_temple2, serial_column_ruins,
          column_ruins_grid_4, column_ruins_open_tiny, column_ruins_open_tiny,
          column_ruins_grid_4, column_ruins_grid_2, column_ruins_grid_1,
          column_ruins_grid_1, nicolae_ossuary_entry_giza,
          chequers_serial_rivers_small_3, uniq_ijyb, uniq_edmund
D:6:      layout_loops_ring
D:7:      layout_basic
D:8:      layout_rooms, gammafunk_temple_overflow_elements, zin_angel,
          enter_bailey_7
D:9:      layout_basic, kennysheep_generic_room_6
D:10:     layout_loops_ring, erik_lair_orcish_takeover, serial_shops,
          nicolae_shop_hallway_stairs, kennysheep_little_box, shop,
          nicolae_take_the_stairs, uniq_psyche
D:11:     layout_gridville
D:12:     layout_long_grid, hiddenorc2_lemuel, chequers_serial_rivers_micro_a,
          uniq_fannar
D:13:     layout_irregular_city, david_vaults_1, serial_nicolae_subway,
          nicolae_sub_station_metal, nicolae_sub_station_stone,
          nicolae_sub_station_crystal
Temple:   nicolae_temple_bog_church

Skill      XL: |  1  2  3  4  5  6  7  8  9 10 11 |
---------------+----------------------------------+-----
Fighting       | 3 4 5 7 8 9 |  9.5
Maces & Flails | 3 4 5 7 |  7.0
Armour         | 3 4 5 6 9 10 11 | 11.9
Dodging        | 2 3 4 5 6 7 |  7.7
Evocations     | 2 4 |  4.8

Action                   |  1- 3 |  4- 6 |  7- 9 | 10-12 || total
-------------------------+-------+-------+-------+-------++-------
Melee: Mace              |    84 |    84 |       |       ||   168
       Tailslap          |    14 |     7 |    58 |    76 ||   155
       Punch             |     1 |       |    10 |     5 ||    16
       Rapier            |       |       |   384 |       ||   384
       Long sword        |       |       |    43 |   470 ||   513
Throw: Dart              |       |       |       |     2 ||     2
Invok: Berserk           |     2 |     5 |    19 |    15 ||    41
       Brothers in Arms  |       |       |       |     1 ||     1
  Use: Scroll            |       |     1 |    11 |    12 ||    24
       Potion            |       |       |     1 |       ||     1
 Stab: Sleeping          |     3 |     1 |       |       ||     4
Armor: Animal skin       |    42 |    13 |    81 |       ||   136
       Leather armour    |       |       |   119 |   216 ||   335
Dodge: Dodged            |    42 |    48 |   299 |   392 ||   781

Table legend: (Time is in decaauts)
 A = Elapsed time spent in this place.
 B = Non-inter-level travel time spent in this place.
 C = Inter-level travel time spent in this place.
 D = Time resting spent in this place.
 E = Time spent auto-exploring this place.
 F = Levels seen in this place.
 G = Mean time per level.
                   A        B        C        D        E       F      G
               +--------+--------+--------+--------+--------+-----+--------+
         Total |  10290 |   9879 |    411 |    101 |   7226 |  16 |  643.1 |
       Dungeon |   9513 |   9102 |    411 |     89 |   6893 |  13 |  731.8 |
        Temple |      1 |      1 |      0 |      0 |      0 |   1 |    1.0 |
       Ossuary |    450 |    450 |      0 |      0 |    177 |   1 |  450.0 |
        Bailey |    325 |    325 |      0 |     12 |    156 |   1 |  325.0 |
               +--------+--------+--------+--------+--------+-----+--------+

Top non-repeatable levels by time:
    D:11: 1046 daAuts
     D:4: 1020 daAuts
     D:9: 893 daAuts
     D:8: 890 daAuts
     D:1: 873 daAuts
    D:10: 839 daAuts
     D:6: 774 daAuts
     D:5: 760 daAuts
     D:7: 746 daAuts
     D:2: 588 daAuts
     D:3: 505 daAuts
 Ossuary: 450 daAuts
    D:12: 415 daAuts
  Bailey: 325 daAuts
    D:13: 159 daAuts
